 Dungeon Crawl Stone Soup version 0.29.1-15-g9cfb28693d (webtiles) character file.

Game seed: 11134559317885099231

199 croobank the Sneak (level 5, -5/37 HPs)
             Began as an Octopode Delver on Feb 23, 2023.
             Slain by a killer bee (9 damage)
             ... on level 6 of the Dungeon.
             The game lasted 00:04:35 (1228 turns).

croobank the Sneak (Octopode Delver)                Turns: 1228, Time: 00:04:35

Health: -5/37      AC:  1    Str: 11    XL:     5   Next: 77%
Magic:  5/5        EV: 14    Int: 15    God:
Gold:   125        SH:  0    Dex: 13    Spells: 4/4 levels left

rFire   . . .      SeeInvis .   h - +0 halberd (flame)
rCold   . . .      Faith    .   (shield currently unavailable)
rNeg    . . .      Spirit   .   (helmet restricted)
rPois   .          Reflect  .   (no amulet)
rElec   .          Harm     .   (no ring)
rCorr   .          Rampage  .   (no ring)
Will    .....                   (no ring)
Stlth   +++++.....              (no ring)
HPRegen 0.12/turn               (no ring)
MPRegen 0.09/turn               (no ring)
                                (no ring)
                                (no ring)

@: lethally poisoned (-5 -> -12), flying
A: almost no armour, amphibious, 8 rings, camouflage 1, gelatinous body 1,
(nimble swimmer 1), tentacles
a: no special abilities


You were on level 6 of the Dungeon.
You visited 1 branch of the dungeon, and saw 4 of its levels.

You collected 125 gold pieces.

Inventory:

Hand Weapons
 a - a +0 hand axe
 h - a +0 halberd of flaming (weapon)
Missiles
 g - 4 silver javelins (quivered)
Wands
 f - a wand of digging (3)
 o - a wand of iceblast (10)
 p - a wand of flame (10)
Scrolls
 d - 3 scrolls of teleportation {unknown}
 i - 2 scrolls of enchant weapon {unknown}
 l - 2 scrolls of identify {unknown}
 m - a scroll of acquirement {unknown}
Potions
 e - 2 potions of haste
 j - a potion of brilliance {unknown}
 k - 2 potions of attraction {unknown}
 n - a potion of degeneration {unknown}


   Skills:
 + Level 4.0 Fighting
 - Level 2.0(2.5) Axes
 + Level 2.4(2.8) Polearms
 + Level 3.3 Dodging
 + Level 7.7 Stealth


You had 4 spell levels left.
You didn't know any spells.
Your spell library was empty.

Dungeon Overview and Level Annotations

Branches:
Dungeon (7/15)
 Temple: D:4-7

Altars:


Innate Abilities, Weirdness & Mutations

You cannot wear most types of armour.
You are amphibious.
You can wear up to eight rings at the same time.
Your skin changes colour to match your surroundings (Stealth+).
Your rubbery body absorbs attacks. (AC +1, EV +1)
((You are camouflaged when in or above water. (Stealth+)))
You have tentacles for arms and can constrict up to eight enemies at once.


Message History

HP restored.
You see here a hound corpse.
You open the large door. You open the large door.
There is a large open door here.
You open the large door.
There is a large open door here.
Found a leather armour.
You now have 125 gold pieces (gained 7).
You see here a +0 leather armour.
A killer bee comes into view.
Found 17 gold pieces.
Found a stone staircase leading up.
A killer bee comes into view.
The killer bee buzzes angrily.
You hear an angry hiss.
An adder comes into view.
A killer bee comes into view.
Unknown command.
Unknown command.
Okay, then.
Okay, then.
Okay, then.
As you read the scroll of fog, it crumbles to dust.
The scroll dissolves into smoke.
The killer bee attacks as you move away!
The killer bee stings you. x2
The killer bee misses you.
You closely miss the killer bee. Your grab misses the killer bee.
Your squeeze misses the killer bee. The killer bee closely misses you. x2
The killer bee stings you.
You closely miss the killer bee. Your grab misses the killer bee.
The killer bee stings you!
You are poisoned.
The killer bee poisons you! The killer bee stings you!
* * * LOW HITPOINT WARNING * * *
It was a potion of flight.
You feel very buoyant.
You fly up into the air.
* * * LOW HITPOINT WARNING * * *
You feel very sick. The killer bee stings you!
You die...

. ##.## .###.#.yy
##. #### .........
... ..# #....y.## ..
#.# ........S .##
#..####.####§§§...#.
...
#..#......##§§§.....
###
#..#.##.§@yS§§§..#
..#
#.......#.##§§#.##
''###
#.......####§§...
....# ####.####
#......$
..♣.#######.#
.....##.#
♣♣..'.......# ##.###
# ♣♣..'.####..# ..
..♣.###.....# ##
....# #.##.##


You could see a killer bee and an adder.

Vanquished Creatures
  A bullfrog (D:7)
  3 hounds
  3 adders
  A worm (D:4)
  A dart slug (D:4)
  2 orcs (D:7)
  A ball python (D:4)
  A goblin (D:4)
  A hobgoblin (D:4)
  4 kobolds
18 creatures vanquished.

Notes
Turn   | Place    | Note
-------+----------+-------------------------------------------
     0 | D:5      | croobank the Octopode Delver began the quest for the Orb.
     0 | D:5      | Reached XP level 1. HP: 16/16 MP: 1/1
    13 | D:5      | Noticed an ogre
    15 | D:5      | Noticed a hound
    15 | D:5      | Noticed an orc wizard
   386 | D:4      | Reached XP level 2. HP: 21/21 MP: 2/2
   433 | D:4      | Reached skill level 1 in Polearms
   433 | D:4      | Reached XP level 3. HP: 23/26 MP: 3/3
   492 | D:5      | Noticed a scorpion
   496 | D:5      | Reached skill level 7 in Stealth
   783 | D:4      | Reached XP level 4. HP: 31/31 MP: 4/4
   922 | D:4      | You fall into a shaft and drop 3 floors!
  1000 | D:7      | Noticed a kobold brigand
  1051 | D:7      | Noticed a bullfrog
  1073 | D:7      | Killed a bullfrog
  1074 | D:7      | Reached XP level 5. HP: 30/37 MP: 5/5
  1228 | D:6      | Slain by a killer bee

Illustrated notes

Levels and vault maps discovered:
D:4:      layout_loops_corners, minmay_temple_entry_glassed_door
D:5:      layout_basic, tgw_xom, uniq_edmund
D:6:      layout_loops_cross, kennysheep_generic_room_15, uniq_eustachio
D:7:      layout_rooms, overflow_temple_1_default,
          nicolae_overflow_crystal_walls

Skill      XL: |  1  2  3  4  5 |
---------------+----------------+-----
Polearms       | 1 2 |  2.4
Stealth        | 7 |  7.7
Dodging        | 3 |  3.3
Fighting       | 4 |  4.0
Axes           | |  2.0

Action                   |  1- 3 |  4- 6 || total
-------------------------+-------+-------++-------
Melee: Halberd           |    15 |    18 ||    33
       Tentacles         |     4 |     3 ||     7
       Constrict         |     2 |     2 ||     4
Throw: Javelin           |       |     1 ||     1
Evoke: Wand              |       |     3 ||     3
  Use: Scroll            |     1 |     2 ||     3
       Potion            |       |     1 ||     1
 Stab: Sleeping          |     6 |     4 ||    10
Dodge: Dodged            |     6 |    11 ||    17
